 Dungeon Crawl Stone Soup version 0.17.2-1-ge4368a0 (webtiles) character file.

461 IDKFA the Shield-Bearer (level 7, -5/60 HPs)
             Began as a Hill Orc Fighter on Apr 21, 2018.
             Slain by a gnoll
             ... wielding a +0 halberd
              (8 damage)
             ... on level 3 of the Dungeon.
             The game lasted 00:19:12 (3466 turns).

IDKFA the Shield-Bearer (Hill Orc Fighter)          Turns: 3466, Time: 00:19:12

Health: -5/60      AC: 10    Str: 21    XL:     7   Next: 7%
Magic:  7/7        EV:  6    Int:  8    God:
Gold:   87         SH: 11    Dex: 10    Spells: 0 memorised, 6 levels left

rFire  . . .     SeeInvis .     a - +0 long sword
rCold  . . .     Clarity  .     s - +0 chain mail
rNeg   . . .     SustAt   .     c - +1 shield
rPois  .         Gourm    .     (no helmet)
rElec  .         Spirit   .     (no cloak)
rCorr  .         Warding  .     (no gloves)
rMut   .         Stasis   .     q - +0 pair of boots
MR     .....                    (no amulet)
Stlth  ..........               (no ring)
                                (no ring)

@: not resistant to hostile enchantments, extremely unstealthy
A: no striking features
a: no special abilities


You were on level 3 of the Dungeon.
You were not hungry.

You visited 1 branch of the dungeon, and saw 3 of its levels.

You collected 87 gold pieces.

Inventory:

Hand Weapons
 a - a +0 long sword (weapon)
 h - a +0 mace
 u - a +0 flail
 v - a +0 halberd
Armour
 b - a +0 scale mail
 c - a +1 shield (worn)
 q - a +0 pair of boots (worn)
 r - a +0 scale mail
 s - a +0 chain mail (worn)
 t - a +0 ring mail
Wands
 j - a wand of polymorph (0)
Potions
 d - a potion of might
 g - 2 potions of lignification {unknown}
 i - a potion of flight {unknown}
 n - a potion of heal wounds {unknown}
 o - 2 potions of brilliance {unknown}
 p - 2 potions of ambrosia {unknown}
Comestibles
 e - a bread ration
 f - a slice of pizza
 k - 2 beef jerkies


   Skills:
 + Level 4.8 Fighting
 + Level 3.5 Long Blades
 + Level 4.8 Armour
 + Level 2.5 Dodging
 + Level 5.2 Shields


You had 6 spell levels left.
You didn't know any spells.

Dungeon Overview and Level Annotations

Branches:
Dungeon (3/15)

Altars:
Fedhas
Qazlal
Xom


Message History

* * * LOW HITPOINT WARNING * * *
The jackal bites you but does no damage.
The jackal bites you but does no damage.
The jackal bites you but does no damage.
The gnoll closely misses you. You block the jackal's attack.
You block the jackal's attack. You block the jackal's attack.
The gnoll hits you from afar with a halberd.
* * * LOW HITPOINT WARNING * * *
You slash the jackal!
You kill the jackal!
The gnoll closely misses you. The gnoll hits you with a halberd.
* * * LOW HITPOINT WARNING * * *
You hit the gnoll.
The gnoll is lightly wounded.
You are no longer glowing.
The gnoll hits you with a halberd!
You die...

####........###.#
#.#
##.............#
#######.#
##.##...###.###.#
#........
#.#####.###.#
#.####.#####.#
#.# #.....#
#......# #.# #.##
##.###.# ########
#.# ##.###.## #g#
#.# ##...#####g#
#.. ####.....@#
### #....#.## #
####.#...##### #
#...##.#.....# #
#.##.#...###.# #
#.###.#.## #.# #
#.# #.#.# #)# #
#.###.#.# #.# #
#####.##.#).# #.#


You could see 2 gnolls.

Vanquished Creatures
  An ice beast (D:2)
  The ghost of IWannaBeepSomebody the Sneak, an amateur OpAM of Nemelex Xobeh (D:3)
  Ijyb (D:2)
  Jessica (D:2)
  A gnoll shaman (D:3)
  Terence (D:3)
  9 gnolls (D:3)
  3 adders
  2 oozes
  A giant gecko (D:1)
  3 orcs (D:3)
  6 bats
  5 goblins
  6 hobgoblins
  18 jackals (D:3)
  5 giant cockroaches
  3 giant newts
  2 kobolds
  4 rats
73 creatures vanquished.

Notes
Turn   | Place    | Note
--------------------------------------------------------------
     0 | D:1      | IDKFA the Hill Orc Fighter began the quest for the Orb.
     0 | D:1      | Reached XP level 1. HP: 19/19 MP: 1/1
    57 | D:1      | Reached XP level 2. HP: 25/27 MP: 2/2
   660 | D:2      | Found a shimmering altar of Xom.
   721 | D:2      | Noticed Ijyb
   727 | D:2      | Reached XP level 3. HP: 33/33 MP: 3/3
   756 | D:2      | Killed Ijyb
   756 | D:2      | Reached skill level 4 in Fighting
  1054 | D:2      | Found a stormy altar of Qazlal.
  1060 | D:2      | Found a blossoming altar of Fedhas.
  1157 | D:2      | Reached XP level 4. HP: 32/40 MP: 4/4
  1306 | D:2      | Noticed an ice beast
  1327 | D:2      | Killed an ice beast
  1327 | D:2      | Reached skill level 1 in Dodging
  1327 | D:2      | Reached XP level 5. HP: 25/46 MP: 5/5
  1580 | D:2      | Noticed Jessica
  1588 | D:2      | Killed Jessica
  1944 | D:3      | Noticed Terence
  1977 | D:3      | Killed Terence
  1977 | D:3      | Reached XP level 6. HP: 36/53 MP: 6/6
  2761 | D:3      | Noticed IWannaBeepSomebody's ghost (amateur OpAM)
  2792 | D:3      | Killed IWannaBeepSomebody's ghost
  2792 | D:3      | Reached skill level 5 in Shields
  3437 | D:3      | Reached XP level 7. HP: 60/60 MP: 7/7
  3465 | D:3      | HP: 3/60 [gnoll/halberd (4)]
  3466 | D:3      | Slain by a gnoll

Action                   |  1- 3 |  4- 6 |  7- 9 || total
-------------------------+-------+-------+-------++-------
Melee: Long sword        |    88 |   335 |    14 ||   437
  Use: Scroll            |     3 |     2 |       ||     5
  Eat: Chunk             |     1 |     2 |       ||     3
       Meat ration       |       |     1 |       ||     1
       Bread ration      |       |     1 |       ||     1
